 Seeded DCSS version 0.30.1-9-gdf580d7c3d (webtiles) character file.

Game seed: 7229806256980976716 (custom seed)

18631 Psyclone the Thaumaturge (level 12, -10/73 HPs)
             Began as a Deep Elf Conjurer on Sept 28, 2023.
             Was an Initiate of Ashenzari.
             Mangled by a boulder beetle (12 damage)
             ... on level 10 of the Dungeon.
             The game lasted 00:43:32 (14548 turns).

Psyclone the Thaumaturge (Deep Elf Conjurer)       Turns: 14548, Time: 00:43:33

Health: -10/73     AC: 13    Str:  4    XL:     12   Next: 29%
Magic:  3/28       EV: 30    Int: 29    God:    Ashenzari [......]
Gold:   127        SH:  0    Dex: 13    Spells: 5/31 levels left

rFire   + + +        a - +3 Elemental Staff {rElec rF+ rC+ AC+3}
rCold   + + +        (no shield)
rNeg    + . .        c - +0 robe
rPois   +            (no helmet)
rElec   +            R - +0 cloak
rCorr   .            r - +0 pair of gloves
SInv    +            k - +1 pair of boots
Will    +....        h - amulet "Falikudd" {Acrobat rPois rC+++ SInv Stlth-}
Stlth   +            i - ring of Xoterij {rF++ AC+4}
HPRegen 0.32/turn    J - ring of positive energy
MPRegen 0.21/turn

%: acrobat
@: acrobatic
A: no striking features
a: Renounce Religion, Curse Item


You were on level 10 of the Dungeon.
You worshipped Ashenzari.
Ashenzari was noncommittal.
You visited 2 branches of the dungeon, and saw 12 of its levels.
You also visited: Ossuary and Bailey.

You collected 717 gold pieces.
You spent 590 gold pieces at shops.

Inventory:

Hand Weapons
 a - the +3 Elemental Staff (weapon) {rElec rF+ rC+ AC+3}
   (You acquired it on level 1 of the Dungeon)

   It enhances your fire, ice, earth and air magic.
   AC:        It affects your AC (+3).
   rF:        It protects you from fire.
   rC:        It protects you from cold.
   rElec:     It insulates you from electricity.
Missiles
 m - 2 throwing nets (quivered) {!f}
Armour
 c - a +0 robe (worn)
 k - a +1 pair of boots (worn)
 r - a +0 pair of gloves (worn)
 R - a +0 cloak (worn)
Jewellery
 h - the amulet "Falikudd" (around neck) {Acrobat rPois rC+++ SInv Stlth-}
   (You acquired it on level 1 of the Dungeon)

   [amulet of the acrobat]

   It increases your evasion while moving and waiting.
   rC:        It renders you almost immune to cold.
   rPois:     It protects you from poison.
   SInv:      It lets you see invisible.
   Stlth:     It makes you less stealthy.
 i - the ring of Xoterij (left hand) {rF++ AC+4}
   (You acquired it on level 1 of the Dungeon)

   [ring of protection]

   AC:        It affects your AC (+4).
   rF:        It greatly protects you from fire.
 J - a ring of positive energy (right hand)
 L - a ring of resist corrosion
Wands
 e - a wand of charming (24)
 O - a wand of digging (3)
Scrolls
 b - 3 scrolls of silence {unknown}
 d - 3 scrolls of amnesia {unknown}
 g - 2 scrolls of enchant armour {unknown}
 j - 13 scrolls of identify {unknown}
 q - 3 scrolls of poison {unknown}
 t - 2 scrolls of torment {unknown}
 x - a scroll of butterflies {unknown}
 y - 2 scrolls of fog {unknown}
 B - 7 scrolls of vulnerability {unknown}
 D - 4 scrolls of magic mapping {unknown}
 E - 3 scrolls of brand weapon {unknown}
 H - 3 scrolls of enchant weapon {unknown}
 I - 6 scrolls of immolation {unknown}
 N - a scroll of noise {unknown}
 P - 2 scrolls of teleportation
 Q - a scroll of blinking
Potions
 f - 5 potions of might {unknown}
 l - 4 potions of mutation {unknown}
 n - 2 potions of invisibility {unknown}
 o - 10 potions of curing {unknown}
 p - 3 potions of brilliance {unknown}
 s - 2 potions of cancellation {unknown}
 u - 4 potions of flight {unknown}
 v - 3 potions of heal wounds
 w - a potion of berserk rage {unknown}
 z - 4 potions of attraction {unknown}
 A - a potion of ambrosia {unknown}
 C - a potion of degeneration {unknown}
 F - 3 potions of lignification {unknown}
 G - 2 potions of haste {unknown}
 K - a potion of magic
 M - a potion of resistance {unknown}


   Skills:
 - Level 8.0 Fighting
 - Level 8.0 Dodging
 - Level 2.4 Stealth
 - Level 10.0 Spellcasting
 - Level 8.0 Conjurations
 + Level 4.6 Transmutations
 + Level 4.5 Fire Magic
 - Level 9.7 Ice Magic
 - Level 8.9 Air Magic
 + Level 4.5 Poison Magic


You had 5 spell levels left.
You knew the following spells:

 Your Spells              Type           Power      Damage    Failure   Level
a - Magic Dart            Conj           100%       1d8       1%          1
b - Searing Ray           Conj           100%       2d8       1%          2
c - Cigotuvi's Dreadful   Necr/Pois/Air  100%       N/A       1%          2
d - Fulminant Prism       Conj/Hex       18%        3d10      7%          4
e - Lesser Beckoning      Tloc           28%        N/A       5%          2
f - Freezing Cloud        Conj/Ice/Air   49%        6-21      2%          5
g - Mephitic Cloud        Conj/Pois/Air  71%        N/A       1%          3
q - Blink                 Tloc           28%        N/A       5%          2
s - Ignite Poison         Fire/Tmut/Pois 57%        N/A       1%          3
v - Poisonous Vapours     Pois/Air       100%       N/A       1%          2

Your spell library contained the following spells:

 Spells                   Type           Power      Damage    Failure   Level
 Kiss of Death            Conj/Necr      100%       2d13      1%          1
 Momentum Strike          Conj/Tloc      74%        3d10      1%          2
 Dazzling Flash           Conj/Hex       74%        N/A       2%          3
 Flame Wave               Conj/Fire      66%        2d15      2%          4
 Sticky Flame             Conj/Fire      66%        2d8       2%          4
 Inner Flame              Hex/Fire       41%        N/A       4%          3
 Iskenderun's Mystic Bla  Conj/Tloc      37%        2d9       7%          4
 Confusing Touch          Hex            14%        N/A       11%         3
 Petrify                  Tmut/Erth      41%        N/A       14%         4
 Metabolic Englaciation   Hex/Ice        29%        N/A       14%         5
 Dispel Undead            Necr           14%        3d10      36%         4
 Statue Form              Tmut/Erth      27%        N/A       92%         6
 Death Channel            Necr           7%         N/A       99%         6


Dungeon Overview and Level Annotations

Branches:
Dungeon (11/15) Zot: 26932  Temple (1/1) D:4 Zot: 5923 Ossuary (visited)
 Bailey (visited)
   Lair: D:8-11         Orc: D:9-12

Altars:
Ashenzari
Cheibriados
Dithmenos
Elyvilon
Fedhas
Gozag
Hepliaklqana
Kikubaaqudgha
Makhleb
Nemelex Xobeh
Okawaru
Qazlal
Ru
Sif Muna
Trog
Uskayaw
Vehumet
Wu Jian
Xom
Yredelemnul
Zin
The Shining One

Shops:
D:6 :   D:10 :

Annotations:
D:3 3 runed translucent doors, turdburglar's ghost, amateur DrAE


Message History

The boulder beetle misses you.
The searing ray hits the boulder beetle but does no damage.
The boulder beetle is moderately wounded.
The searing ray hits the ogre!
The ogre is heavily wounded.
You finish channelling your searing ray.
The boulder beetle bites you.
You take 3 damage, and have 33/73 hp.
You now have 0/28 mp.
Casting: Searing Ray (safe; 1% risk of failure)
Confirm with . or Enter, or press ? or * to list all spells.
You don't have enough magic to cast this spell.
Unknown command.
There is a stone staircase leading up here.
The boulder beetle bites you.
You climb upwards.
There is a stone staircase leading down here.
You take 5 damage, and have 28/73 hp.
Casting: Searing Ray (safe; 1% risk of failure)
Confirm with . or Enter, or press ? or * to list all spells.
You don't have enough magic to cast this spell.
The boulder beetle attacks as you move away!
The boulder beetle bites you!!
* * * LOW HITPOINT WARNING * * *
You take 18 damage, and have 10/73 hp.
MASSIVE DAMAGE!!
The boulder beetle curls into a ball and begins rolling!
The boulder beetle attacks as you move away!
The boulder beetle barely misses you.
The boulder beetle stops rolling and uncurls.
The boulder beetle attacks as you move away!
The boulder beetle completely misses you.
The boulder beetle curls into a ball and begins rolling!
The boulder beetle completely misses you.
The boulder beetle stops rolling and uncurls.
The boulder beetle attacks as you move away!
The boulder beetle bites you!
* * * LOW HITPOINT WARNING * * *
You take 11 damage, and have 2/73 hp.
The boulder beetle attacks as you move away!
The boulder beetle bites you!
You die...

♣♣♣.♣ #.#
♣...♣ #.#
.)..♣♣ #.#
[)...♣♣ #.#
)♣♣...♣
#.#######
)♣♣♣♣.♣
#....°..# .♣
♣.♣ #.#####.#
♣♣ ♣♣.♣ #.○#
#B#### ♣ ♣.♣♣
#°># #.@..#
♣♣.♣
#..#######.#
♣.♣♣ #......#
#.# ♣♣.♣
#....#.###.#
♣.♣♣
#..........#
♣♣.♣
#......###.#
♣.♣♣
#....###..<#
÷♣♣
###....)##.#.#
♣♣
#..........#.#


You could see a boulder beetle.

Vanquished Creatures
  2 two-headed ogres
  An orc knight (Bailey)
  2 gargoyles (D:10)
  A komodo dragon (D:10)
  A troll (D:10)
  3 shadows
  A vampire (D:10)
  A wraith (D:10)
  8 spriggans (D:10)
  15 yaks
  3 wyverns
  2 acid dragons (D:10)
  2 water moccasins (D:8)
  19 orc warriors
  3 black bears
  2 ice beasts
  A sky beast (D:6)
  2 hornet zombies (Ossuary)
  An ogre (D:7)
  3 centaurs
  2 kobold brigands
  5 bullfrogs
  A gnoll sergeant (D:7)
  5 scorpions
  2 wyvern zombies (Ossuary)
  2 water moccasin zombies (Ossuary)
  7 wights
  12 killer bees
  A howler monkey (D:6)
  5 electric eels (D:6)
  3 bullfrog zombies (Ossuary)
  2 centaur zombies (Ossuary)
  A gnoll bouda (D:6)
  2 jellies
  9 orc priests
  3 hounds
  An iguana (D:6)
  2 sleepcaps
  7 orc wizards
  3 killer bee zombies (Ossuary)
  16 mummies
  2 howler monkey zombies (Ossuary)
  14 gnolls
  9 adders
  2 shadow imps
  2 white imps (D:8)
  2 ufetubi
  3 worms
  40 orcs
  4 endoplasms
  6 giant cockroaches
  16 goblins
  15 hobgoblins
  20 jackals
  10 kobolds
  4 quokkas
  6 ball pythons
  5 bats
  A frilled lizard (D:1)
  A goblin zombie (D:4)
  An orc zombie (D:4)
  4 rats
331 creatures vanquished.

Vanquished Creatures (others)
  21 fulminant prisms
21 creatures vanquished.

Grand Total: 352 creatures vanquished

Notes
Turn   | Place    | Note
-------+----------+-------------------------------------------
     0 | D:1      | Psyclone the Deep Elf Conjurer began the quest for the Orb.
     0 | D:1      | Reached XP level 1. HP: 10/10 MP: 6/6
   150 | D:1      | Identified 3 scrolls of acquirement
   150 | D:1      | Acquired the ring of Xoterij {rF++ AC+4}
   151 | D:1      | Acquired the +3 Elemental Staff {rElec rF+ rC+ AC+3}
   151 | D:1      | Found the +3 Elemental Staff {rElec rF+ rC+ AC+3}
   168 | D:1      | Acquired the amulet "Falikudd" {Acrobat rPois rC+++ SInv
                  | Stlth-}
   358 | D:1      | Reached skill level 4 in Spellcasting
   358 | D:1      | Reached XP level 2. HP: 15/15 MP: 6/9
   451 | D:1      | Learned a level 2 spell: Searing Ray
  1171 | D:2      | Reached skill level 5 in Spellcasting
  1171 | D:2      | Reached XP level 3. HP: 19/19 MP: 2/11
  1606 | D:2      | Reached XP level 4. HP: 24/24 MP: 10/13
  1611 | D:2      | Reached skill level 6 in Spellcasting
  2217 | D:2      | Learned a level 2 spell: Poisonous Vapours
  2222 | D:2      | Learned a level 4 spell: Fulminant Prism
  2334 | D:3      | Reached skill level 7 in Spellcasting
  2462 | D:3      | Found a runed translucent gate.
  2462 | D:3      | Found a runed translucent gate.
  2462 | D:3      | Found a runed translucent gate.
  2470 | D:3      | Noticed turdburglar's ghost (amateur DrAE)
  2497 | D:3      | Reached XP level 5. HP: 28/28 MP: 14/16
  2510 | D:3      | Found a glowing silver altar of Zin.
  3018 | D:4      | Reached skill level 5 in Conjurations
  3020 | D:4      | Found a white marble altar of Elyvilon.
  3066 | D:4      | You fall into a shaft and drop 1 floor!
  3066 | D:5      | Entered Level 5 of the Dungeon
  3211 | D:4      | Found a stormy altar of Qazlal.
  3233 | D:4      | Found a staircase to the Ecumenical Temple.
  3244 | D:4      | Reached XP level 6. HP: 32/32 MP: 13/18
  3249 | Temple   | Entered the Ecumenical Temple
  3288 | Temple   | Became a worshipper of Ashenzari the Shackled
  3359 | D:4      | Found a sand-covered staircase.
  3370 | Ossuary  | Entered an ossuary
  3603 | Ossuary  | Reached skill level 8 in Spellcasting
  3721 | Ossuary  | Reached XP level 7. HP: 36/36 MP: 6/20
  4048 | Ossuary  | Reached skill level 1 in Fighting
  4185 | Ossuary  | Reached XP level 8. HP: 38/44 MP: 14/22
  4454 | Ossuary  | Reached skill level 5 in Dodging
  4823 | D:4      | Found a glowing golden altar of the Shining One.
  6109 | D:6      | Reached XP level 9. HP: 52/52 MP: 17/23
  6230 | D:6      | Reached skill level 5 in Fighting
  6460 | D:6      | Found Xixtot's Book Boutique.
  6480 | D:6      | Bought a book of Spatial Translocations for 252 gold pieces
  6485 | D:6      | Learned a level 2 spell: Blink
  6488 | D:6      | Learned a level 2 spell: Cigotuvi's Dreadful Rot
  6491 | D:6      | Learned a level 2 spell: Lesser Beckoning
  7126 | D:7      | Found a flagged portal.
  7473 | Bailey   | Entered a bailey
  8261 | Bailey   | Reached XP level 10. HP: 64/64 MP: 21/24
  8272 | Bailey   | Reached skill level 9 in Spellcasting
  8426 | Bailey   | Learned a level 5 spell: Freezing Cloud
  8430 | Bailey   | Learned a level 3 spell: Mephitic Cloud
  8430 | Bailey   | Noticed an orc warlord
  8431 | Bailey   | Noticed an orc knight
  8508 | Bailey   | Reached XP level 11. HP: 36/68 MP: 8/26
  8940 | Bailey   | Killed an orc knight
  8941 | Bailey   | Reached skill level 10 in Spellcasting
  9584 | D:7      | Identified the +8 trident "Idaugra" {freeze, Stlth+}
 11554 | D:9      | Noticed a two-headed ogre
 11567 | D:9      | Killed a two-headed ogre
 12451 | D:9      | Found a bloodstained altar of Trog.
 12497 | D:9      | Identified the +7 battleaxe of Sustre {heavy, Str+5}
 12660 | D:10     | Entered Level 10 of the Dungeon
 12661 | D:10     | Found Ycypaut's Book Shoppe.
 12684 | D:10     | Bought a Trismegistus Codex for 338 gold pieces
 12689 | D:10     | Learned a level 3 spell: Ignite Poison
 12780 | D:10     | Found an opulent altar of Gozag.
 12780 | D:10     | Noticed a two-headed ogre
 12786 | D:10     | Killed a two-headed ogre
 12787 | D:10     | Reached skill level 1 in Transmutations
 12787 | D:10     | Reached skill level 1 in Fire Magic
 12787 | D:10     | Reached skill level 1 in Poison Magic
 13007 | D:10     | Reached XP level 12. HP: 73/73 MP: 18/28
 14495 | D:11     | Noticed a boulder beetle
 14546 | D:10     | HP: 2/73 [boulder beetle (11)]
 14548 | D:10     | Mangled by a boulder beetle

Illustrated notes

Levels and vault maps discovered:
D:1:      spicycebolla_arrival_ecumenical, layout_loops_ring
D:2:      layout_basic
D:3:      layout_rooms, mainiacjoe_overflow_paths, gammafunk_ghost_necromancy
D:4:      layout_rooms, tso_metal_star, mainiacjoe_overflow_catwalk,
          elyvilon_altar_5, minmay_temple_entry_stoned_glass,
          nicolae_ossuary_entry_giza, minmay_misc_feat_square, minivault_4
D:5:      layout_basic
D:6:      kennysheep_six_static_rooms, layout_basic, serial_shops,
          nicolae_shop_stone, serial_bayou_lagoon_b
D:7:      layout_basic, enter_bailey_2
D:8:      minmay_recursive_quarters, layout_layer_cave
D:9:      layout_gridville, trog_book
D:10:     kb_forest_paths, layout_basic,
          nicolae_gozag_cash_rules_everything_around_me, serial_shops, shop,
          minmay_tree_intersection, kennysheep_path_1
D:11:     layout_loops_ring, grunt_lair_entry_orc_guard_hut, uniq_lodul,
          uniq_erolcha, uniq_maurice
Temple:   kb_temple_of_zot

Skill      XL: |  1  2  3  4  5  6  7  8  9 10 11 12 |
---------------+-------------------------------------+-----
Spellcasting   | 4 5 7 8 9 10 | 10.0
Conjurations   | 5 7 8 |  8.0
Dodging        | 4 7 8 |  8.0
Fighting       | 2 4 8 |  8.0
Ice Magic      | 7 9 |  9.7
Air Magic      | 6 8 |  8.9
Transmutations | 2 4 |  4.6
Fire Magic     | 2 4 |  4.5
Poison Magic   | 2 4 |  4.5
Stealth        | |  2.4

Action                     |  1- 3 |  4- 6 |  7- 9 | 10-12 || total
---------------------------+-------+-------+-------+-------++-------
  Melee: Staff             |       |       |    13 |    14 ||    27
   Cast: Magic Dart        |    57 |    68 |    89 |    65 ||   279
         Searing Ray       |     4 |    29 |    95 |    76 ||   204
         Fulminant Prism   |       |       |     4 |    17 ||    21
         Mephitic Cloud    |       |       |       |     1 ||     1
         Freezing Cloud    |       |       |       |    28 ||    28
         Blink             |       |       |       |     5 ||     5
    Use: Scroll            |     3 |       |       |     4 ||     7
         Potion            |       |       |     1 |     3 ||     4
 Armour: Robe              |     2 |     7 |    35 |    30 ||    74
  Dodge: Dodged            |     5 |    40 |   147 |   188 ||   380
